Map: Rosanegro LE

Players

Rem - Winner!

  • Race: Protoss Protoss
  • Spawn Location: 1:00

IagoAbreu

  • Race: Zerg Zerg
  • League: Gold
  • Spawn Location: 7:00

VOD

Have the link to the VOD?

Description

Time

  • Played on: May 12, 2018, 11:35 a.m.
  • Length: 11:55
Show
View Real Time Build Order
Export as new Build Order

Rem Protoss - Winner!

Build Orders:  

Get SALT Encoding   

  12  0:02  Probe  
  13  0:14  Probe  
  14  0:25  Pylon  
  14  0:29  Probe  
  15  0:44  Probe  
  16  0:50  Gateway  
  16  0:56  Assimilator, Probe  
  17  1:08  Probe  
  18  1:20  Probe  
  18  1:24  Pylon  
  19  1:32  Probe  
  20  1:37  Zealot  
  22  1:44  Probe  
  22  1:46  Cybernetics Core  
  23  1:50  Assimilator  
  23  1:56  Probe  
  24  2:02  Gateway  
  24  2:03  Warp Gate  
  24  2:08  Probe  
  25  2:20  Probe  
  26  2:25  Sentry  
  28  2:40  Gateway  
  28  2:43  Pylon  
  28  2:50  Stalker  
  30  3:03  Twilight Council  
  30  3:10  Pylon  
  28  3:28  Stalker  
  28  3:29  Stalker  
  34  3:42  Robotics Facility  
  34  3:48  Pylon  
  30  4:10  Stalker  
  30  4:11  Stalker  
  34  4:19  Gateway  
  34  4:20  Immortal  
  34  4:21  Gateway  
  38  4:35  Stalker x2  
  34  4:59  Stalker x2  
  34  5:24  Immortal  
  38  5:40  Stalker  
  38  6:00  Observer  
  39  6:08  Stalker x2  
  39  6:09  Stalker  
  45  6:40  Stalker  
  47  6:54  Pylon  
  47  6:59  Pylon  
  47  7:04  Immortal  
  47  7:07  Nexus  
  47  7:10  Blink  
  47  7:15  Pylon  
  51  7:17  Pylon  
  51  7:23  Stalker  
  51  7:24  Stalker x2  
  57  7:51  Probe  
  58  8:03  Probe  
  59  8:12  Zealot  
  59  8:13  Zealot x2, Pylon  
  59  8:15  Probe  
  66  8:34  Zealot x2  
  66  8:35  Zealot  
  66  8:37  Probe x2  
  74  8:45  Assimilator  
  74  8:49  Assimilator, Charge, Probe x2  
  76  9:03  Zealot  
  76  9:05  Zealot  
  80  9:13  Sentry  
  82  9:26  Gateway  
  82  9:28  Forge  
  82  9:34  Gateway  
  82  9:41  Protoss Ground Weapons Level 1  
  82  9:42  Zealot x2  
  86  9:50  Probe x2  
  88  9:57  Pylon  
  88  10:02  Probe  
  89  10:07  Zealot  
  66  10:40  Zealot  
  66  10:41  Zealot x2  
  66  11:11  Zealot x2  
  66  11:12  Zealot, Stalker  
  66  11:13  Stalker  
  66  11:16  Observer  
Show
View Real Time Build Order
Export as new Build Order

IagoAbreu Zerg 

Build Orders: Hatch First 

Get SALT Encoding   

  12  0:03  Drone  
  13  0:15  Overlord  
  13  0:23  Drone  
  14  0:37  Drone x2  
  16  0:55  Hatchery  
  15  0:57  Drone  
  15  1:02  Drone  
  17  1:19  Spawning Pool  
  16  1:31  Overlord  
  16  1:36  Extractor  
  15  1:56  Evolution Chamber  
  15  1:58  Drone  
  15  1:59  Drone x2  
  17  2:15  Queen  
  17  2:17  Drone  
  17  2:18  Drone  
  21  2:22  Roach Warren  
  21  2:29  Drone x2  
  22  2:35  Spine Crawler  
  21  2:39  Spine Crawler  
  20  2:49  Zergling x4  
  22  2:55  Zerg Missile Weapons Level 1  
  22  3:07  Roach  
  22  3:31  Roach  
  22  3:32  Roach x2  
  28  3:37  Drone x3, Extractor  
  28  4:14  Roach  
  28  4:15  Roach x3  
  32  4:52  Overlord x2  
  28  4:55  Roach x3  
  22  5:30  Roach x3  
  22  5:33  Queen  
  28  5:55  Drone  
  23  6:09  Lair  
  23  6:16  Drone  
  23  6:17  Roach x2  
  28  6:20  Hatchery  
  27  6:52  Roach x2  
  27  6:53  Roach x3  
  36  7:05  Metabolic Boost  
  36  7:06  Zerg Melee Weapons Level 1  
  36  7:15  Zergling x4  
  38  7:17  Overlord x2  
  38  7:33  Spire  
  37  7:49  Queen  
  39  7:51  Drone x2  
  39  7:56  Zergling x2  
  39  7:57  Zergling x8  
  46  8:05  Queen  
  48  8:19  Zergling x4  
  50  8:20  Zergling x2  
  51  8:33  Overlord  
  51  8:51  Overlord x3  
  51  9:00  Zerg Flyer Weapons Level 1  
  52  9:02  Drone  
  52  9:21  Mutalisk x2  
  52  9:22  Mutalisk x4  
  64  9:48  Mutalisk x2  
  68  9:53  Extractor  
  68  9:55  Extractor  
  68  9:57  Drone  
  68  9:58  Drone x3  
  70  10:01  Zergling x2  
  71  10:18  Zergling x8  
  71  10:19  Zergling x2  
  49  10:29  Zergling x6  
  36  10:38  Zergling x6  
  29  10:52  Zergling x6  
  29  10:53  Zergling x2  
  29  11:11  Spine Crawler x2  
  22  11:35  Zergling x8  
Tags
 
League
Gold
Matchup
PvZ
Spawn Locations
Cross Positions
Add a new tag
Caveats
  • Supply blocks, unpowered buildings, or Contaminate may cause inaccurate times.
  • Supply counts are checked every 10 seconds.